 Dungeon Crawl Stone Soup version 0.29-a0-221-gceb61267dd (webtiles) character file.

Game seed: 9067755120637308735

42 dolemite99 the Caller (level 3, 0/24 HPs)
             Began as a Merfolk Summoner on Feb 27, 2022.
             Was a Follower of Makhleb.
             Frozen to death by an endoplasm (4 damage)
             ... on level 3 of the Dungeon.
             The game lasted 00:04:58 (4328 turns).

dolemite99 the Caller (Merfolk Summoner)            Turns: 4328, Time: 00:04:59

Health: 0/24       AC:  2    Str:  8    XL:     3   Next: 56%
Magic:  1/6        EV: 12    Int: 16    God:    Makhleb [*.....]
Gold:   128        SH:  0    Dex: 14    Spells: 3/6 levels left

rFire   . . .      SeeInvis .   (no weapon)
rCold   . . .      Faith    .   (no shield)
rNeg    . . .      Spirit   .   a - +0 robe
rPois   .          Reflect  .   (no helmet)
rElec   .          Harm     .   (no cloak)
rCorr   .          Rampage  .   (no gloves)
Will    .....                   (no boots)
Stlth   ++........              (no amulet)
HPRegen 0.08/turn               (no ring)
MPRegen 0.10/turn               (no ring)

@: studying Slings
A: (nimble swimmer 2), mertail
a: Renounce Religion


You were on level 3 of the Dungeon.
You worshipped Makhleb.
Makhleb was aware of your devotion.
You visited 1 branch of the dungeon, and saw 3 of its levels.

You collected 128 gold pieces.

Inventory:

Hand Weapons
 e - a +0 dagger
 g - a +0 hunting sling
 j - a +0 hand axe
Missiles
 f - 36 stones
Armour
 a - a +0 robe (worn)
 b - a +0 kite shield
 c - a +0 leather armour
 h - a +0 kite shield
 k - a +1 hat
Scrolls
 d - 2 scrolls of fog {unknown}
 i - a scroll of teleportation {unknown}


   Skills:
 - Level 2.6 Dodging
 - Level 2.1 Stealth
 - Level 2.0 Spellcasting
 + Level 5.2 Summonings


You had 3 spell levels left.
You knew the following spells:

 Your Spells              Type           Power      Damage    Failure   Level
a - Call Imp              Summ           18%        N/A       3%          2
b - Summon Small Mammal   Summ           72%        N/A       2%          1

Your spell library contained the following spells:

 Spells                   Type           Power      Damage    Failure   Level
 Call Canine Familiar     Summ           18%        N/A       7%          3
 Animate Skeleton         Necr           2%         N/A       21%         1
 Magic Dart               Conj           4%         1d3       21%         1
 Pain                     Necr           4%         1d4       21%         1
 Summon Guardian Golem    Hex/Summ       10%        N/A       22%         3
 Mephitic Cloud           Conj/Pois/Air  1%         N/A       52%         3
 Vampiric Draining        Necr           1%         2d6       52%         3
 Summon Lightning Spire   Summ/Air       10%        N/A       56%         4


Dungeon Overview and Level Annotations

Branches:
Dungeon (3/15)

Altars:
Makhleb
Okawaru


Innate Abilities, Weirdness & Mutations

((You are very nimble when in or above water. (Stealth+, EV+, Speed+++)))
Your lower body shifts to a powerful aquatic tail in water.


Message History

Your crimson imp blinks!
Your bat hits the worm but does no damage.
The worm bites you!
* * * LOW HITPOINT WARNING * * *
Your bat hits the worm but does no damage.
Your bat barely misses the worm.
The worm bites your bat but does no damage.
Your bat barely misses the worm.
What are your orders? t - Shout!
Orders for allies: a - Attack new target. r - Retreat! s - Stop attacking. g - Guard the area. f - Follow me.
Anything else - Cancel.
Guard this area!
Your bat hits the worm but does no damage.
Your crimson imp hits the worm.
Your bat hits the worm but does no damage.
Your crimson imp hits the worm.
Your bat hits the worm.
Your crimson imp blinks!
Your bat hits the worm. The worm barely misses your bat.
Your bat closely misses the worm.
The worm bites your bat!
Your bat dies!
Your bat's corpse disappears in a puff of smoke!
There is a stone staircase leading up here.
An endoplasm is nearby!
Your crimson imp disappears in a puff of smoke!
Casting: Summon Small Mammal (safe; 2% risk of failure)
Confirm with . or Enter, or press ? or * to list all spells.
A beastly little devil appears in a puff of flame.
The endoplasm barely misses you.
Casting: Call Imp (safe; 3% risk of failure)
Confirm with . or Enter, or press ? or * to list all spells.
The endoplasm freezes you.
You are frozen.
* * * LOW HITPOINT WARNING * * *
The endoplasm freezes you.
You are frozen.
You die...

#. #. #.# ### ...
..# ######.# #.#
.......# #.# #
.......###.###.#
#####...##.....#
#.........@..##
#.###....J5.......
##.####.#wr........
#....<........#####
#.......†.....#
#...###.###...#
#...# #.# #(..#
#...# #.# #...#
#...# #.# ..#


You could see a worm, an endoplasm (ally target), a friendly crimson imp
(summoned) and a friendly quokka (summoned).

Vanquished Creatures (collateral kills)
  An adder (D:2)
  2 worms (D:2)
  A dart slug (D:1)
  4 ball pythons
  5 endoplasms
  A giant cockroach (D:2)
  3 goblins
  A hobgoblin (D:1)
  2 bats (D:2)
  2 frilled lizards
  3 rats (D:1)
25 creatures vanquished.

Notes
Turn   | Place    | Note
-------+----------+-------------------------------------------
     0 | D:1      | dolemite99 the Merfolk Summoner began the quest for the
                  | Orb.
     0 | D:1      | Reached XP level 1. HP: 13/13 MP: 3/3
   715 | D:1      | Reached XP level 2. HP: 19/19 MP: 1/5
   934 | D:1      | Learned a level 2 spell: Call Imp
  1414 | D:1      | Found a faded altar of an unknown god.
  1437 | D:1      | Prayed at the altar of an unknown god.
  1437 | D:1      | Became a worshipper of Makhleb the Destroyer
  1437 | D:1      | Reached * piety under Makhleb
  2515 | D:2      | Reached skill level 5 in Summonings
  2515 | D:2      | Reached XP level 3. HP: 4/24 MP: 2/6
  3090 | D:2      | Found an iron altar of Okawaru.
  4328 | D:3      | Frozen to death by an endoplasm

Illustrated notes

Levels and vault maps discovered:
D:1:      matt_arrival_refuge, layout_basic, ebering_ecumenical_altar_ruins,
          st_stairs_11, chequers_arboretum, hangedman_decor_growths
D:2:      layout_basic, basic_altar
D:3:      layout_loops_ring

Skill      XL: |  1  2 |
---------------+-------+-----
Summonings     | 5 |  5.2
Dodging        | |  2.6
Stealth        | |  2.1
Spellcasting   | |  2.0

Action                   || total
-------------------------++-------
 Cast: Summon Small Mamm ||    32
       Call Imp          ||    22
Armor: Robe              ||     8
       Leather armour    ||     3
Dodge: Dodged            ||    34

Table legend: (Time is in decaauts)
 A = Elapsed time spent in this place.
 B = Non-inter-level travel time spent in this place.
 C = Inter-level travel time spent in this place.
 D = Time resting spent in this place.
 E = Time spent auto-exploring this place.
 F = Levels seen in this place.
 G = Mean time per level.
                   A        B        C        D        E       F      G
               +--------+--------+--------+--------+--------+-----+--------+
         Total |   4327 |   4253 |     74 |   1969 |   1724 |   3 | 1442.3 |
       Dungeon |   4327 |   4253 |     74 |   1969 |   1724 |   3 | 1442.3 |
               +--------+--------+--------+--------+--------+-----+--------+

Top non-repeatable levels by time:
     D:1: 2158 daAuts
     D:2: 2037 daAuts
     D:3: 131 daAuts
